 Dungeon Crawl Stone Soup version 0.23.2-1-ga50397a6bc (webtiles) character file.

Game seed: 18158097290799149987

30 Mrkan the Ruffian (level 3, -7/36 HPs)
             Began as a Troll Monk on May 21, 2019.
             Mangled by Sigmund
             ... wielding a +0 scythe
              (10 damage)
             ... on level 2 of the Dungeon.
             The game lasted 00:01:48 (882 turns).

Mrkan the Ruffian (Troll Monk)                       Turns: 882, Time: 00:01:49

Health: -7/36      AC:  6    Str: 19    XL:     3   Next: 3%
Magic:  2/2        EV:  7    Int:  6    God:
Gold:   91         SH:  9    Dex: 13    Spells: 2/2 levels left

rFire    . . .     SeeInvis .     - Unarmed
rCold    . . .     Gourm    +   e - +2 shield
rNeg     . . .     Faith    .   a - +0 robe
rPois    .         Spirit   .   (helmet restricted)
rElec    .         Reflect  .   (no cloak)
rCorr    +         Harm     .   (gloves unavailable)
MR       .....     Rnd*Tele +   (boots unavailable)
Stlth    ++........             (no amulet)
HPRegen  0.52/turn              c - ring of resist corrosion
MPRegen  0.08/turn              h - ring of teleportation (curse)

@: no status effects
A: large, unfitting armour, claws 3, fast metabolism 3, gourmand, regeneration
1, shaggy fur 1, tough skin 3
a: no special abilities


You were on level 2 of the Dungeon.
You were very full.

You visited 1 branch of the dungeon, and saw 2 of its levels.

You collected 91 gold pieces.

Inventory:

Armour
 a - a +0 robe (worn)
 e - a +2 shield (worn)
Jewellery
 c - a ring of resist corrosion (left claw)
 h - a cursed ring of teleportation (right claw)
 k - an uncursed amulet of regeneration {unknown}
Scrolls
 d - 2 scrolls of identify {unknown}
 f - 3 scrolls of teleportation {unknown}
 g - a scroll of remove curse {unknown}
 j - a scroll of fear {unknown}
Potions
 i - a potion of heal wounds {unknown}
 l - 2 potions of lignification {unknown}
 m - a potion of mutation {unknown}
Comestibles
 b - 5 rations


   Skills:
 - Level 2.4 Fighting
 - Level 2.4 Dodging
 - Level 1.0 Stealth
 * Level 4.2 Unarmed Combat


You had 2 spell levels left.
You didn't know any spells.
Your spell library was empty.

Dungeon Overview and Level Annotations

Branches:
Dungeon (2/15)

Altars:

Annotations:
D:2 Sigmund


Innate Abilities, Weirdness & Mutations

You are too large for most types of armour.
You have claws for hands.
Your metabolism is lightning-fast.
You like to eat raw meat.
Your natural rate of healing is unusually fast.
You are covered in fur. (AC +1)
You have extremely tough skin. (AC +3)


Message History

You claw something! You miss something. Something hits you but does no damage.
You closely miss something. You block something's attack.
You closely miss something. You miss something. Something hits you.
You scratch something. Something hits you.
You closely miss something. You barely miss something. Something hits you.
You closely miss something.
You hear some strange, mumbled words.
A magic dart appears from out of thin air!
The magic dart hits you.
* * * LOW HITPOINT WARNING * * *
You barely miss something.
You hear some strange, mumbled words.
A magic dart appears from out of thin air!
The magic dart hits you.
* * * LOW HITPOINT WARNING * * *
Something hits you!
You die...

## ## #. ># .#.
.# ... .#
...####.###.#
#.....{....###
#.#....[ #@#..#
#....# ###..#
#.####..#
#.......#
######..# #..#
##..#
########.#.####


There were no monsters in sight!

Vanquished Creatures
  An adder (D:2)
  A dart slug (D:1)
  2 bats (D:1)
  A goblin (D:1)
  4 hobgoblins
  2 kobolds (D:1)
  A quokka (D:2)
  A ball python (D:2)
  2 frilled lizards (D:1)
  4 rats
19 creatures vanquished.

Vanquished Creatures (others)
  14 toadstools (D:1)
14 creatures vanquished.

Grand Total: 33 creatures vanquished

Notes
Turn   | Place    | Note
-------+----------+-------------------------------------------
     0 | D:1      | Mrkan the Troll Monk began the quest for the Orb.
     0 | D:1      | Reached XP level 1. HP: 22/22 MP: 0/0
   246 | D:1      | Reached XP level 2. HP: 27/29 MP: 1/1
   700 | D:2      | Reached skill level 4 in Unarmed Combat
   740 | D:2      | Reached XP level 3. HP: 36/36 MP: 2/2
   868 | D:2      | Noticed Sigmund
   882 | D:2      | Mangled by Sigmund

Skill      XL: |  1  2 |
---------------+-------+-----
Unarmed Combat | 4 |  4.2
Fighting       | |  2.4
Dodging        | |  2.4
Stealth        | |  1.0

Action                   || total
-------------------------++-------
Melee: Unarmed           ||    57
 Stab: Sleeping          ||     2
  Eat: Chunk             ||    12
Armor: Robe              ||    18
Dodge: Dodged            ||    14
Block: Shield            ||    22
